[Event "Titled Tuesday Blitz July 4 Late 2023"]
[White "Toniutti, Ezio"]
[Black "Ibarra Jerez, Jose Carlos"]
[WhiteFideId "113034"]
[BlackFideId "2226332"]
[WhiteElo "2489"]
[BlackElo "2855"]
[Result "0-1"]
[Round "5"]
[TimeControl "180+2"]
[Date "2023.07.04"]
[WhiteClock "0:00:05"]
[BlackClock "0:01:03"]
[Board "66"]

1. d4 Nf6 2. c4 d6 3. Nc3 e5 4. Nf3 e4 5. Ng5 Qe7 6. g3 h6 7. Nh3 c6 8. Bg2 Bf5 9. e3 g5 10. Ng1 Bg7 11. Nge2 O-O 12. Bd2 a6 13. h4 b5 14. b3 Nbd7 15. Qc2 Bg6 16. hxg5 hxg5 17. Bh3 Nb6 18. Nd1 c5 19. dxc5 dxc5 20. Rc1 b4 21. Nb2 Rad8 22. O-O Bh5 23. Rfe1 Qe5 24. Rcd1 Ng4 25. Bc1 Qf6 26. Rf1 Ne5 27. Rxd8 Rxd8 28. Nd1 Bf3 29. Bb2 Qh6 30. Bg2 Ng4 31. Re1 0-1


[Site "https://www.chess.com"]

[Event "Titled Tuesday Blitz July 4 Late 2023"]
[White "Gorovets, Andrey"]
[Black "Yeritsyan, Hayk"]
[WhiteFideId "13504037"]
[BlackFideId "13307320"]
[WhiteElo "2748"]
[BlackElo "2488"]
[Result "1-0"]
[Round "5"]
[TimeControl "180+2"]
[Date "2023.07.04"]
[WhiteClock "0:00:33"]
[BlackClock "0:00:00"]
[Board "67"]

1. Nf3 d5 2. e3 Nf6 3. c4 c6 4. Qc2 Bg4 5. Ne5 Bh5 6. Qb3 Qb6 7. Nc3 e6 8. d4 Nbd7 9. f4 Bg6 10. Nxg6 hxg6 11. Bd3 Qxb3 12. axb3 a6 13. O-O Be7 14. c5 O-O 15. b4 Rac8 16. h3 Bd8 17. g4 Bc7 18. Bd2 Rfe8 19. Kg2 Nh7 20. g5 Nhf8 21. e4 dxe4 22. Nxe4 Rcd8 23. Rf3 f5 24. Nf2 Nh7 25. Bc4 Ndf8 26. Re1 Rxd4 27. Bd3 e5 28. fxe5 Ne6 29. Bc3 Nhxg5 30. Rg3 Rd7 31. Bc4 Kf8 32. h4 Nf7 33. Nh3 Bb8 34. Rxg6 Ned8 35. e6 Rde7 36. Bxg7+ Kg8 37. exf7+ Nxf7 38. Bf6+ Kh7 39. Bxf7 1-0


[Site "https://www.chess.com"]

[Event "Titled Tuesday Blitz July 4 Late 2023"]
[White "Erenberg, Ariel"]
[Black "Erzhanov, Arman"]
[WhiteFideId "2811634"]
[BlackFideId "4138821"]
[WhiteElo "2722"]
[BlackElo "2482"]
[Result "1-0"]
[Round "5"]
[TimeControl "180+2"]
[Date "2023.07.04"]
[WhiteClock "0:00:17"]
[BlackClock "0:00:01"]
[Board "68"]

1. d4 d6 2. c4 e5 3. Nf3 e4 4. Ng5 f5 5. Nc3 Be7 6. h4 Nf6 7. e3 O-O 8. Be2 c6 9. b4 Na6 10. Qb3 Nc7 11. Bb2 Kh8 12. b5 d5 13. a4 Ne6 14. bxc6 bxc6 15. cxd5 cxd5 16. Ba3 Bxa3 17. Rxa3 f4 18. Nxe6 Bxe6 19. exf4 Rb8 20. Qd1 Qa5 21. O-O Rfc8 22. Qd2 Qb4 23. Rfa1 Rc6 24. g3 Qd6 25. Nb5 Qd7 26. Rc1 Rbc8 27. Rac3 a6 28. Rxc6 Rxc6 29. Rxc6 Qxc6 30. Nc3 Bg4 31. Bf1 Bf3 32. Qb2 h5 33. a5 Ng4 34. Qd2 Qe6 35. Na4 e3 36. fxe3 Nxe3 37. Nc5 Qe7 38. Bxa6 Ng4 39. Bf1 Qa7 40. a6 Qb6 41. Qd3 Nf6 42. Qxf3 Ne4 43. Nxe4 dxe4 44. Qxe4 Qxa6 45. Bxa6 1-0


[Site "https://www.chess.com"]

[Event "Titled Tuesday Blitz July 4 Late 2023"]
[White "Daggupati, Balaji"]
[Black "Koc, Przemyslaw"]
[WhiteFideId "2090759"]
[BlackFideId "1109081"]
[WhiteElo "2685"]
[BlackElo "2457"]
[Result "1-0"]
[Round "5"]
[TimeControl "180+2"]
[Date "2023.07.04"]
[WhiteClock "0:00:04"]
[BlackClock "0:00:00"]
[Board "69"]

1. e4 d6 2. d4 Nf6 3. Nc3 e5 4. dxe5 dxe5 5. Qxd8+ Kxd8 6. Bc4 Be6 7. Bxe6 fxe6 8. f3 Nc6 9. Be3 Bd6 10. O-O-O Ke7 11. Nge2 a6 12. Na4 Nd7 13. Kb1 b5 14. Nac3 Rhb8 15. Rd2 a5 16. h4 a4 17. h5 Na5 18. Bg5+ Ke8 19. h6 g6 20. b3 axb3 21. cxb3 Nc6 22. Rc1 Ra6 23. Nd1 Rba8 24. Nec3 Nd4 25. Be3 b4 26. Bxd4 exd4 27. Nb5 c5 28. Nxd6+ Rxd6 29. Nb2 e5 30. Nd3 Ra5 31. Rc4 g5 32. Rdc2 Rxh6 33. Nxc5 Nxc5 34. Rxc5 Rh1+ 35. Kb2 Rxc5 36. Rxc5 h6 37. Rxe5+ Kf7 38. Rb5 Rh2 39. Rxb4 Rxg2+ 40. Ka3 h5 41. Rxd4 h4 42. Rd7+ Ke6 43. Rh7 Rf2 44. b4 Rxf3+ 45. Ka4 h3 46. b5 g4 47. b6 Rf8 48. Kb5 Rg8 49. b7 g3 50. Rg7 Rxg7 51. b8=Q g2 52. Qe8+ Kf6 53. e5+ Kf5 54. Qf8+ Kg6 55. Qf6+ Kh7 56. Qh4+ Kg8 57. Qc4+ Kh8 58. Qc8+ Kh7 59. Qxh3+ Kg8 60. Qe6+ Kh7 61. Qf5+ Kg8 62. Qc8+ Kh7 63. Qc2+ Kg8 64. Qb3+ Kh7 65. Qb1+ Kh6 66. Qg1 Rg5 67. Kc4 Kg6 68. Kd5 Kf5 69. e6 1-0


[Site "https://www.chess.com"]

[Event "Titled Tuesday Blitz July 4 Late 2023"]
[White "Shuvalova, Polina"]
[Black "Kazmin_Semyon"]
[WhiteFideId "24171760"]
[WhiteElo "2682"]
[BlackElo "2465"]
[Result "1-0"]
[Round "5"]
[TimeControl "180+2"]
[Date "2023.07.04"]
[WhiteClock "0:00:22"]
[BlackClock "0:00:00"]
[Board "70"]

1. f4 e5 2. fxe5 d6 3. Nf3 dxe5 4. e4 Nc6 5. Bc4 Bc5 6. d3 Bg4 7. h3 Bxf3 8. Qxf3 Qh4+ 9. g3 Qf6 10. Qxf6 Nxf6 11. Bb5 Kd7 12. g4 a6 13. Bxc6+ Kxc6 14. Bg5 Nd7 15. Nc3 f6 16. Bd2 Bd4 17. Ke2 b5 18. Be3 Bxe3 19. Kxe3 Kd6 20. a4 b4 21. Ne2 a5 22. Ng3 g6 23. Raf1 Ra6 24. b3 Rc6 25. Kd2 Ke7 26. Rf2 Nc5 27. Nf1 Rd8 28. Re2 Rcd6 29. Rg1 c6 30. Rg3 Ne6 31. Rf2 Nc5 32. Ke2 R8d7 33. h4 Ne6 34. g5 fxg5 35. hxg5 Nf4+ 36. Kd2 Ke6 37. Rh2 Rf7 38. Ne3 Nh5 39. Rgg2 Rd8 40. Rf2 Re7 41. Nc4 Nf4 42. Nxa5 Rf7 43. Nc4 Rdf8 44. Rf3 Nh5 45. Rxf7 Rxf7 46. Rh1 Ng3 47. Ra1 Rf2+ 48. Kc1 Ne2+ 49. Kb2 Nd4 50. Rc1 Ne2 51. Rd1 Nd4 52. Rd2 Rf1 53. c3 bxc3+ 54. Kxc3 Nf3 55. Ra2 Nxg5 56. Kb4 Rf7 57. a5 Ra7 58. a6 Nf7 59. Kc5 Nd6 60. Nxd6 1-0


[Site "https://www.chess.com"]

[Event "Titled Tuesday Blitz July 4 Late 2023"]
[White "Remolar Gallen, Jose"]
[Black "benny_aizenberg"]
[WhiteFideId "2215187"]
[WhiteElo "2455"]
[BlackElo "2672"]
[Result "1-0"]
[Round "5"]
[TimeControl "180+2"]
[Date "2023.07.04"]
[WhiteClock "0:00:35"]
[BlackClock "0:00:00"]
[Board "71"]

1. d4 Nf6 2. Nf3 e6 3. e3 c5 4. Bd3 Nc6 5. O-O b6 6. b3 Bb7 7. Bb2 Qc7 8. a3 Bd6 9. Nbd2 O-O-O 10. Qe2 g5 11. Nc4 g4 12. Nfe5 Bxe5 13. dxe5 Ne8 14. Qxg4 b5 15. Nd6+ Nxd6 16. exd6 Qxd6 17. Bxh8 Rxh8 18. Rad1 Ne5 19. Qg7 Rd8 20. Be4 Qc7 21. Bxb7+ Kxb7 22. f4 Nc6 23. Qxf7 h6 24. Rd2 Nb8 25. Rfd1 Kc6 26. f5 exf5 27. Qxf5 d6 28. a4 bxa4 29. Qd5+ Kb6 30. bxa4 Nc6 31. Rb1+ Nb4 32. Qc4 a6 33. c3 d5 34. Qf4 Qe7 35. cxb4 c4 36. a5+ Kb5 37. Qd4 c3 38. Qxc3 d4 39. Rxd4 Rxd4 40. Qxd4 1-0


[Site "https://www.chess.com"]

[Event "Titled Tuesday Blitz July 4 Late 2023"]
[White "Rastbod, Ali"]
[Black "Miszler, Levente"]
[WhiteFideId "12567477"]
[BlackFideId "763276"]
[WhiteElo "2670"]
[BlackElo "2453"]
[Result "1-0"]
[Round "5"]
[TimeControl "180+2"]
[Date "2023.07.04"]
[WhiteClock "0:00:57"]
[BlackClock "0:00:29"]
[Board "72"]

1. Nf3 c5 2. e3 Nf6 3. d4 d5 4. c3 Nc6 5. dxc5 Bg4 6. b4 e5 7. Bb5 e4 8. h3 exf3 9. hxg4 fxg2 10. Rg1 h5 11. g5 h4 12. Rxg2 h3 13. Rg1 h2 14. Rh1 Ne4 15. Qg4 Nxg5 16. Nd2 Qf6 17. Bb2 a5 18. O-O-O axb4 19. cxb4 Qg6 20. f4 Ne4 21. Qxg6 fxg6 22. Nxe4 dxe4 23. a3 Rd8 24. Rde1 Rd5 25. Be5 Kf7 26. Bc4 Ke6 27. Re2 Nxe5 28. fxe5 Kxe5 29. Bxd5 Kxd5 30. Rexh2 Rxh2 31. Rxh2 g5 32. Rd2+ Kc4 33. Rd7 g4 34. Kd2 g3 35. Ke2 Kb3 36. Rf7 1-0


[Site "https://www.chess.com"]

[Event "Titled Tuesday Blitz July 4 Late 2023"]
[White "Uzcategui Rodriguez, Alejandro"]
[Black "Rosen, Eric"]
[WhiteFideId "3903400"]
[BlackFideId "2032562"]
[WhiteElo "2451"]
[BlackElo "2666"]
[Result "0-1"]
[Round "5"]
[TimeControl "180+2"]
[Date "2023.07.04"]
[WhiteClock "0:00:01"]
[BlackClock "0:00:28"]
[Board "73"]

1. d4 d5 2. Nf3 Nf6 3. Bg5 Ne4 4. Bh4 h5 5. Nbd2 f6 6. e3 g5 7. Nxe4 dxe4 8. Nxg5 fxg5 9. Bxg5 c6 10. Be2 Qa5+ 11. Qd2 Qxg5 12. h4 Qg6 13. d5 Bg7 14. O-O-O Bf5 15. Qb4 Nd7 16. c3 O-O-O 17. Qxe7 Rhe8 18. Qa3 Kb8 19. dxc6 Qxc6 20. Bxh5 Re5 21. Rd6 Qc7 22. Rd4 Ra5 23. Qe7 Bxd4 24. exd4 Rxa2 25. g4 Ra1+ 26. Kc2 Rxh1 27. gxf5 Rf8 28. Bf7 a6 29. Be6 Rd8 30. f6 Rh2 31. f7 Rxf2+ 32. Kb1 e3 33. Bg4 Qb6 34. b4 Qg6+ 35. Ka1 Qxg4 36. Qxd8+ Ka7 37. Qg5 Qd1# 0-1


[Site "https://www.chess.com"]

[Event "Titled Tuesday Blitz July 4 Late 2023"]
[White "Ladan, Nicholas"]
[Black "Skvortsov, Andrei"]
[WhiteFideId "30918855"]
[BlackFideId "24108600"]
[WhiteElo "2449"]
[BlackElo "2647"]
[Result "1-0"]
[Round "5"]
[TimeControl "180+2"]
[Date "2023.07.04"]
[WhiteClock "0:00:06"]
[BlackClock "0:00:07"]
[Board "74"]

1. e3 c5 2. c4 Nc6 3. Nc3 g6 4. d4 cxd4 5. exd4 Bg7 6. Nf3 d6 7. Be3 Nf6 8. h3 O-O 9. Be2 a6 10. O-O e5 11. dxe5 dxe5 12. Nd5 Nxd5 13. cxd5 Ne7 14. Bc4 Nf5 15. Bc5 Nd6 16. Nd2 Re8 17. Bxd6 Qxd6 18. Ne4 Qb4 19. Qb3 Qxb3 20. Bxb3 Rd8 21. Rac1 Bf8 22. d6 Bxd6 23. Ng5 Rf8 24. Rfd1 Be7 25. h4 h6 26. Rc7 Bxg5 27. hxg5 hxg5 28. Rd5 Be6 29. Rxe5 Bxb3 30. axb3 g4 31. Rxb7 Rab8 32. Ree7 Rxb7 33. Rxb7 Rd8 34. Rb6 Rd1+ 35. Kh2 Rd2 36. Kg3 Rxb2 37. Rxa6 Rxb3+ 38. Kxg4 Rb2 39. Kg3 Kg7 40. Ra4 f5 41. f4 Kh6 42. Ra8 Rb3+ 43. Kh4 Rb2 44. Kg3 Rc2 45. Kf3 Kg7 46. g3 Rc3+ 47. Kf2 Kh6 48. Rh8+ Kg7 49. Ra8 Kf6 50. Ra6+ Kf7 51. Ra7+ Kg8 52. Kg2 Rc1 53. Kh3 Kh8 54. Kh4 Rg1 55. Ra3 Rc1 56. Kg5 Rc6 57. Ra7 Kg8 58. Ra8+ Kf7 59. Ra7+ Kf8 60. Kh6 Rd6 61. Rh7 Rc6 62. Kg5 Kg8 63. Rh6 Kg7 64. Rh1 Rc3 65. Kh4 Kf6 66. Ra1 Rc6 67. Ra8 Rc3 68. Ra6+ Kg7 69. Rb6 Kh6 70. Kh3 Rc2 71. Rb8 Ra2 72. Rh8+ Kg7 73. Rc8 Kf6 74. Rc6+ Kf7 75. Kh4 Ra3 76. Kh3 Kg7 77. Rc7+ Kh6 78. Rc8 g5 79. Rh8+ Kg7 80. Rh5 g4+ 81. Kh4 Kg6 82. Rg5+ Kf6 83. Rh5 Kg6 84. Rg5+ Kf6 85. Rh5 Ra1 86. Rh6+ Kg7 87. Rb6 Ra3 88. Kg5 Rxg3 89. Rb7+ Kf8 90. Kxf5 Rg1 91. Kf6 Ke8 92. f5 g3 93. Rb8+ Kd7 94. Rg8 g2 95. Rg3 Kd6 96. Kg6 Ke5 97. f6 Kf4 98. Rg5 Kf3 99. f7 Rf1 100. f8=Q+ Ke3 101. Qc5+ Kf3 102. Rf5+ Kg3 103. Rg5+ Kf3 104. Qf5+ Ke3 105. Rg3+ Ke2 106. Rxg2+ 1-0


[Site "https://www.chess.com"]

[Event "Titled Tuesday Blitz July 4 Late 2023"]
[White "szachmistrz2500"]
[Black "Thomforde-Toates, Noah"]
[BlackFideId "30951992"]
[WhiteElo "2442"]
[BlackElo "2637"]
[Result "0-1"]
[Round "5"]
[TimeControl "180+2"]
[Date "2023.07.04"]
[WhiteClock "0:00:09"]
[BlackClock "0:01:11"]
[Board "75"]

1. d4 Nf6 2. Nf3 d6 3. c4 g6 4. Nc3 Bg7 5. e4 O-O 6. Be2 e5 7. O-O exd4 8. Nxd4 Re8 9. f3 c6 10. Kh1 Nbd7 11. Bf4 Nh5 12. Be3 f5 13. Qd2 f4 14. Bf2 Be5 15. Rad1 Ng3+ 16. hxg3 fxg3 17. Qh6 gxf2 18. f4 Bg7 19. Qh2 Nc5 20. Bf3 a5 21. Rxf2 Qf6 22. Rfd2 a4 23. Nde2 Bf8 24. Rb1 Be6 25. b4 axb3 26. axb3 Ra3 27. b4 Nb3 28. e5 dxe5 29. fxe5 Qf7 30. Rd6 Bxd6 31. exd6 Nd2 32. Rd1 Nxf3 33. gxf3 Qxf3+ 34. Qg2 Qxg2+ 35. Kxg2 Bxc4 36. d7 Rd8 37. Rd4 Bxe2 38. Nxe2 Kf7 39. Ng3 Ke7 0-1


[Site "https://www.chess.com"]

[Event "Titled Tuesday Blitz July 4 Late 2023"]
[White "Hoffmann, Asa"]
[Black "Hilary46"]
[WhiteFideId "2001470"]
[WhiteElo "2440"]
[BlackElo "2635"]
[Result "0-1"]
[Round "5"]
[TimeControl "180+2"]
[Date "2023.07.04"]
[WhiteClock "0:00:33"]
[BlackClock "0:01:00"]
[Board "76"]

1. d4 d5 2. Bg5 f6 3. Bf4 c5 4. e3 Nc6 5. Nf3 e6 6. Nbd2 Bd6 7. Bg3 Nge7 8. c3 O-O 9. Bd3 b6 10. e4 cxd4 11. cxd4 dxe4 12. Nxe4 Bxg3 13. hxg3 Nf5 14. Qd2 Ncxd4 15. O-O-O Bb7 16. g4 Nxf3 17. gxf3 Ne7 18. Qe2 Qc7+ 19. Kb1 Qf4 20. Rh3 Rad8 21. Rdh1 h6 22. Bc4 Bd5 23. Bxd5 Nxd5 24. Ng3 Rfe8 25. Nh5 Qb4 26. Ka1 Nf4 27. Qc2 Nxh5 28. Rxh5 Rd2 29. Qc1 Red8 30. a3 Qd4 31. Qb1 Rd3 32. Ka2 Qc4+ 33. Ka1 Qb3 34. f4 Rd1 35. Rxd1 Rxd1 0-1


[Site "https://www.chess.com"]

[Event "Titled Tuesday Blitz July 4 Late 2023"]
[White "Kielinkei"]
[Black "Ganiev, Roman"]
[BlackFideId "4131452"]
[WhiteElo "2425"]
[BlackElo "2625"]
[Result "0-1"]
[Round "5"]
[TimeControl "180+2"]
[Date "2023.07.04"]
[WhiteClock "0:00:00"]
[BlackClock "0:00:15"]
[Board "77"]

1. e4 c5 2. c3 Nf6 3. e5 Nd5 4. d4 cxd4 5. Nf3 Nc6 6. Bc4 e6 7. cxd4 Be7 8. Nc3 Nxc3 9. bxc3 d6 10. exd6 Qxd6 11. O-O O-O 12. a4 Na5 13. Ba3 Qd8 14. Bxe7 Qxe7 15. Bd3 h6 16. Qe2 Qf6 17. Qe4 g6 18. Ne5 Rd8 19. Rfe1 Bd7 20. Re3 Bc6 21. Nxc6 Nxc6 22. Rb1 Rd7 23. h4 h5 24. Rf3 Qg7 25. Bb5 Rc8 26. a5 Rdc7 27. a6 bxa6 28. Bxa6 Rd8 29. Bb5 Ne7 30. Ba4 Nd5 31. Qe1 Rdc8 32. Rb3 Nb6 33. Bb5 Qh6 34. Ra3 Rd8 35. Bf1 Qf8 36. Qa1 Qe7 37. g3 Nd5 38. Rd3 Nf6 39. Bg2 Rdc8 40. Rb3 Ng4 41. Qb2 a5 42. Bf3 Nf6 43. Re3 Qd6 44. Ra3 Ra7 45. Qa2 Qb6 46. Re5 Rac7 47. Rexa5 Rxc3 48. Rxc3 Rxc3 49. d5 exd5 50. Bxd5 Rxg3+ 51. Kh2 Rg4 52. Bxf7+ Kg7 53. Ra7 Rxh4+ 54. Kg1 Rg4+ 55. Kf1 Kh6 56. Bc4 Qd4 0-1


[Site "https://www.chess.com"]

[Event "Titled Tuesday Blitz July 4 Late 2023"]
[White "Janturin, Artur"]
[Black "Janaszak, Dawid"]
[WhiteFideId "4130022"]
[BlackFideId "1119206"]
[WhiteElo "2421"]
[BlackElo "2595"]
[Result "1-0"]
[Round "5"]
[TimeControl "180+2"]
[Date "2023.07.04"]
[WhiteClock "0:00:21"]
[BlackClock "0:00:00"]
[Board "78"]

1. e4 c5 2. Nf3 Nc6 3. d4 cxd4 4. Nxd4 g6 5. c4 Bg7 6. Be3 Qb6 7. Nb3 Qd8 8. Qd2 Nf6 9. Nc3 Ng4 10. Bg5 a5 11. a4 Qb6 12. Ra3 O-O 13. f3 Nf6 14. Be3 Qd8 15. Be2 d6 16. O-O Be6 17. Nd5 Bxd5 18. cxd5 Nb4 19. Rc1 Nd7 20. Bb5 Rc8 21. Raa1 Nc5 22. Nxc5 dxc5 23. Rxc5 Qd6 24. Rac1 Rxc5 25. Bxc5 Qe5 26. Bb6 h5 27. Bxa5 Na6 28. Bc3 Qd6 29. Bxg7 Kxg7 30. Qd4+ f6 31. Bxa6 bxa6 32. Rc6 Qf4 33. Rxa6 Qc1+ 34. Kf2 Rb8 35. b4 Qc2+ 36. Kg3 h4+ 37. Kh3 Qc8+ 38. Re6 Ra8 39. a5 Qc2 40. Rxe7+ Kh6 41. Qxf6 Qf2 42. Qxh4+ 1-0


[Site "https://www.chess.com"]

[Event "Titled Tuesday Blitz July 4 Late 2023"]
[White "Domingo Nunez, Alejandro"]
[Black "Romero Ruscalleda, Josep"]
[WhiteFideId "22245561"]
[BlackFideId "2231859"]
[WhiteElo "2593"]
[BlackElo "2420"]
[Result "0-1"]
[Round "5"]
[TimeControl "180+2"]
[Date "2023.07.04"]
[WhiteClock "0:00:11"]
[BlackClock "0:00:11"]
[Board "79"]

1. Nf3 g6 2. d4 Bg7 3. b3 d6 4. Bb2 Nf6 5. g3 O-O 6. Bg2 Nbd7 7. O-O Re8 8. c4 c6 9. Nc3 Qc7 10. Qc2 e5 11. dxe5 Nxe5 12. Nxe5 dxe5 13. Rad1 Bf5 14. e4 Be6 15. Na4 b6 16. Rd3 Rad8 17. Rfd1 Rxd3 18. Qxd3 Bf8 19. f4 Bg4 20. Rd2 Nd7 21. h3 Be6 22. f5 Nc5 23. Nxc5 Bxc5+ 24. Kh2 Bc8 25. g4 gxf5 26. gxf5 f6 27. Bf3 Kh8 28. Rg2 Rg8 29. Bg4 Qg7 30. Bc1 Qd7 31. Qg3 Qd4 32. Qh4 Be7 33. Re2 Qc3 34. Bd2 Qd3 35. Bh5 b5 36. Bb4 Bxb4 37. Qxf6+ Rg7 38. Rg2 Qd7 39. Qxe5 Bd6 0-1


[Site "https://www.chess.com"]

[Event "Titled Tuesday Blitz July 4 Late 2023"]
[White "Mikhalsky, Vladimir"]
[Black "Grinev, Valeriy"]
[WhiteFideId "14144352"]
[BlackFideId "14117517"]
[WhiteElo "2420"]
[BlackElo "2591"]
[Result "1-0"]
[Round "5"]
[TimeControl "180+2"]
[Date "2023.07.04"]
[WhiteClock "0:00:31"]
[BlackClock "0:01:16"]
[Board "80"]

1. c4 c5 2. Nf3 Nc6 3. d4 cxd4 4. Nxd4 Nf6 5. Nc3 g6 6. e4 Bg7 7. Nc2 d6 8. f3 O-O 9. Be3 b6 10. Qd2 Bb7 11. Be2 Rb8 12. O-O Rc8 13. Rfd1 Re8 14. Kh1 Qc7 15. b3 Qb8 16. Rac1 Ne5 17. Nd4 Red8 18. Bh6 Bh8 19. Nd5 Bxd5 20. exd5 Qb7 21. Bf4 Nh5 22. Bg5 Re8 23. f4 Nd7 24. Bxh5 gxh5 25. Qe2 Nf6 26. Bxf6 Bxf6 27. Qxh5 Rf8 28. Rd3 Bxd4 29. Rxd4 Kh8 30. f5 Rg8 31. Rh4 Rg7 32. Re1 Rcg8 33. Qh6 f6 34. Re3 Qd7 35. Qh5 Qe8 36. Qxe8 Rxe8 37. Rhe4 Reg8 38. g3 Rg5 39. Rxe7 Rxf5 40. Rxa7 b5 41. Ree7 Rh5 42. cxb5 Rxg3 43. Rxh7+ Rxh7 44. Rxh7+ Kxh7 45. hxg3 Kg6 46. b6 1-0


[Site "https://www.chess.com"]

[Event "Titled Tuesday Blitz July 4 Late 2023"]
[White "Castella Garcia, Fausto"]
[Black "Sargsyan, Anna M."]
[WhiteFideId "3501922"]
[BlackFideId "13308130"]
[WhiteElo "2419"]
[BlackElo "2590"]
[Result "0-1"]
[Round "5"]
[TimeControl "180+2"]
[Date "2023.07.04"]
[WhiteClock "0:00:23"]
[BlackClock "0:00:05"]
[Board "81"]

1. e4 c6 2. Nc3 d5 3. Nf3 Bg4 4. h3 Bxf3 5. Qxf3 Nf6 6. d4 dxe4 7. Nxe4 Nbd7 8. Bd3 Nxe4 9. Qxe4 Nf6 10. Qh4 e6 11. O-O Be7 12. Bg5 h6 13. c3 Qb6 14. a4 Qxb2 15. Rfc1 Qb6 16. a5 Qc7 17. a6 b6 18. c4 Qd7 19. d5 Nxd5 20. Bxe7 Nxe7 21. Rd1 Qc7 22. Qe4 Ng6 23. c5 bxc5 24. Rab1 O-O 25. Rb7 Qe5 26. Qxc6 Nf4 27. Bf1 Ne2+ 28. Kh1 Nd4 29. Qc7 Qxc7 30. Rxc7 Rfc8 31. Rb7 e5 32. Bc4 Rf8 33. Re1 Nc6 34. Bd5 Nb4 35. Bc4 Rae8 36. Rxa7 Ra8 37. Bxf7+ Kh7 38. Rxa8 Rxa8 39. Bc4 Nxa6 40. Rxe5 Nc7 41. Rxc5 Ne8 42. f4 Nf6 43. Bd3+ Kg8 44. Kh2 Ra3 45. Bg6 Kf8 46. Rc7 Ra4 47. Kg3 Ra3+ 48. Kf2 Ra2+ 49. Kf3 Ra3+ 50. Ke2 Ra2+ 51. Kd3 Rxg2 52. Kd4 Rxg6 53. Ke5 Rg1 54. f5 Re1+ 55. Kf4 Kg8 56. Rc8+ Kh7 57. Rc7 Nd5+ 0-1


[Site "https://www.chess.com"]

[Event "Titled Tuesday Blitz July 4 Late 2023"]
[White "Szyszylo, Rafal"]
[Black "Vdovin, Vadim"]
[WhiteFideId "1109626"]
[BlackFideId "24107158"]
[WhiteElo "2407"]
[BlackElo "2588"]
[Result "1/2-1/2"]
[Round "5"]
[TimeControl "180+2"]
[Date "2023.07.04"]
[WhiteClock "0:00:04"]
[BlackClock "0:00:04"]
[Board "82"]

1. e4 c5 2. Nc3 a6 3. g3 b5 4. Bg2 Bb7 5. d3 e6 6. f4 b4 7. Nce2 d5 8. f5 dxe4 9. fxe6 fxe6 10. Nf4 Nf6 11. Nxe6 Qe7 12. Nf4 Nbd7 13. Nge2 g5 14. Nh3 h6 15. O-O O-O-O 16. d4 Bg7 17. c3 Ng4 18. Qa4 Kb8 19. Nf2 Nxf2 20. Kxf2 Rhf8+ 21. Kg1 Rxf1+ 22. Bxf1 e3 23. Bg2 Bxg2 24. Kxg2 Qe4+ 25. Kg1 Qf3 26. Qd1 Qf2+ 27. Kh1 Ne5 28. Ng1 g4 29. Qe2 cxd4 30. cxd4 Nf3 31. Bxe3 Qxe2 32. Nxe2 Kb7 33. Bf4 Rc8 34. Rc1 Rxc1+ 35. Nxc1 Bxd4 36. Nd3 a5 37. b3 h5 38. Kg2 Kc6 39. h3 Kd5 40. hxg4 hxg4 41. Nf2 Bxf2 42. Kxf2 Nd4 43. Bc7 Nc6 44. Ke3 Kc5 45. Kf4 Kb5 46. Be5 a4 47. bxa4+ Kxa4 48. Bd6 Ka3 49. Bxb4+ Nxb4 50. Kxg4 Kxa2 51. Kf5 Nd5 52. Ke5 Ne3 53. Kf4 Nd5+ 54. Ke4 Nf6+ 55. Kf5 Nd5 56. Ke5 Ne3 57. Kf4 Nd5+ 58. Kf3 Kb3 59. g4 Kc4 60. g5 Kd4 61. Kg4 Ke5 62. Kh5 Ne7 63. g6 Kf6 64. g7 Kxg7 1/2-1/2


[Site "https://www.chess.com"]

[Event "Titled Tuesday Blitz July 4 Late 2023"]
[White "Melikhov, Evgeny V."]
[Black "Jaskolka, Tomasz"]
[WhiteFideId "4122046"]
[BlackFideId "1170791"]
[WhiteElo "2407"]
[BlackElo "2578"]
[Result "1/2-1/2"]
[Round "5"]
[TimeControl "180+2"]
[Date "2023.07.04"]
[WhiteClock "0:00:03"]
[BlackClock "0:00:05"]
[Board "83"]

1. d4 d5 2. c4 e5 3. dxe5 d4 4. Nf3 Nc6 5. g3 Nge7 6. Bg2 Ng6 7. Bg5 Be7 8. Bxe7 Qxe7 9. O-O O-O 10. Nbd2 Ngxe5 11. Nxe5 Qxe5 12. Nf3 Qc5 13. Rc1 Be6 14. a3 a5 15. Qb3 a4 16. Qb5 Ra5 17. Qxb7 Rb8 18. Qxc7 Ra7 19. Qf4 Rxb2 20. Rb1 Rab7 21. Rxb2 Rxb2 22. Rd1 Qxa3 23. Nxd4 Nxd4 24. Qxd4 Rb8 25. c5 g6 26. c6 Qb3 27. Bd5 Bxd5 28. Qxd5 Qxd5 29. Rxd5 Rc8 30. Ra5 Rxc6 31. Rxa4 Kg7 32. Kg2 h5 33. h4 Rb6 34. e4 Rc6 35. e5 Rb6 36. Ra5 Rc6 37. Rd5 Rb6 38. f4 Kf8 39. Kf3 Ke7 40. Ra5 Ke6 41. Ra3 Rc6 42. Rd3 Rb6 43. g4 hxg4+ 44. Kxg4 Rb1 45. h5 Rg1+ 46. Kh4 Rh1+ 47. Kg4 Rxh5 48. Rd6+ Ke7 49. Ra6 Rh1 50. Kf3 Rf1+ 51. Ke4 Re1+ 52. Kf3 Kf8 53. Kg4 Kg7 54. Ra7 Kg8 55. Kg5 Kg7 56. Kg4 Kf8 57. Kg5 Kg7 58. Kg4 1/2-1/2


[Site "https://www.chess.com"]

[Event "Titled Tuesday Blitz July 4 Late 2023"]
[White "Carrasco Miranda, Andres"]
[Black "Ovchinnikov, Vsevolod"]
[WhiteFideId "3405990"]
[BlackFideId "24176842"]
[WhiteElo "2404"]
[BlackElo "2575"]
[Result "0-1"]
[Round "5"]
[TimeControl "180+2"]
[Date "2023.07.04"]
[WhiteClock "0:00:33"]
[BlackClock "0:00:14"]
[Board "84"]

1. d4 d5 2. c4 dxc4 3. e4 c5 4. d5 e6 5. Bxc4 exd5 6. Bxd5 Nc6 7. Bxc6+ bxc6 8. Qxd8+ Kxd8 9. Nf3 Nf6 10. Nc3 Be6 11. O-O h6 12. Ne5 Kc7 13. b3 Bd6 14. Nc4 Bxc4 15. bxc4 Be5 16. Bd2 Rad8 17. f4 Bd4+ 18. Kh1 Rhe8 19. e5 Ng4 20. h3 Ne3 21. Bxe3 Bxe3 22. Ne4 Rd4 23. Ng3 Rxf4 24. Nf5 Rxf1+ 25. Rxf1 Rxe5 26. Nxe3 Rxe3 27. Rxf7+ Kb6 28. Rxg7 Re4 29. Rg6 Rxc4 30. Rxh6 Rc1+ 31. Kh2 c4 32. Rh4 Kb5 33. a3 a5 34. Rf4 c3 35. h4 c2 36. Rf2 Rh1+ 37. Kxh1 c1=Q+ 38. Kh2 Qxa3 39. g3 Qe3 40. Rf4 a4 41. h5 a3 42. h6 a2 43. h7 a1=Q 44. Rh4 Qh8 45. Rh5+ c5 46. Kh3 Kb4 47. Kh4 c4 48. g4 c3 49. g5 Qf4+ 50. Kh3 Qf3+ 51. Kh4 Qxh5+ 52. Kxh5 Qxh7+ 53. Kg4 Qg6 54. Kf4 c2 55. Ke3 c1=Q+ 56. Kd4 Qc4+ 57. Ke3 Qgd3+ 58. Kf2 Qcc2+ 59. Kg1 Qdd1# 0-1


[Site "https://www.chess.com"]

[Event "Titled Tuesday Blitz July 4 Late 2023"]
[White "Petesch, Gabriel"]
[Black "Gombocz, Ferenc Jr."]
[WhiteFideId "2032465"]
[BlackFideId "775029"]
[WhiteElo "2558"]
[BlackElo "2396"]
[Result "0-1"]
[Round "5"]
[TimeControl "180+2"]
[Date "2023.07.04"]
[WhiteClock "0:00:03"]
[BlackClock "0:00:40"]
[Board "85"]

1. Nf3 d5 2. d4 Nf6 3. Nc3 c5 4. Bg5 Ne4 5. Be3 Nxc3 6. bxc3 c4 7. g3 Nc6 8. Bg2 Bf5 9. O-O e6 10. Qd2 Bd6 11. Nh4 Bg4 12. Rfb1 Rb8 13. a4 O-O 14. h3 Bh5 15. Nf3 Bg6 16. Ne1 b6 17. Bf4 Bxf4 18. Qxf4 Qe7 19. e4 e5 20. dxe5 d4 21. Nf3 dxc3 22. Bf1 f6 23. Bxc4+ Kh8 24. e6 Qc5 25. Bd5 Ne5 26. Nh4 a6 27. Rd1 Bh5 28. g4 g5 29. Qe3 Qxe3 30. fxe3 Bxg4 31. hxg4 gxh4 32. Kg2 Nxg4 33. Rd3 Rg8 34. e7 Rg7 35. Be6 Ne5+ 36. Kh3 Nxd3 37. cxd3 Rxe7 38. Bc4 b5 39. axb5 axb5 40. Bd5 b4 41. Bb3 Rd7 42. Rd1 Rc7 43. Rc1 Rd8 44. d4 Re8 45. Bd5 c2 46. Bb3 Rxe4 47. Kg2 Rxe3 48. Bd5 b3 49. Kf2 b2 50. Rg1 Rg3 51. Re1 c1=Q 52. Re8+ Kg7 53. Rf8 0-1


[Site "https://www.chess.com"]